Unix NetHack Version 5.0.0-0 post-release - last build Jul 14 2026 02:55:29 (1809b74e8187c3a3585e283601c3028b46cbbdcb,branch:main).

Game began 2026-07-18 18:54:03, ended 2026-07-18 21:30:36.

Anarchos, lawful female dwarven Valkyrie

                                ----   --------
                                |..-----......|
                                |.....^.......|
                                |^------......|
                                |.|    |......|
                                |.|------.----|
                                |.||.dM@|.....|
                                |.||..``|.....|
                                |^|-.....`....|
                                |<|>...---....|
                                -------- ------

Anarchos the Fighter        St:16 Dx:11 Co:20 In:8 Wi:10 Ch:11  Lawful
Dlvl:7  $:2314 HP:0(80) Pw:9(9) AC:-4 Xp:7 T:5122  Burdened

Latest messages:
 Your movements are slowed slightly because of your load.
 What do you want to eat? [jFJ or ?*] j
 This satiates your stomach!
 You stop eating the food ration.
 The ettin mummy hits!
 The ettin mummy hits again!
 You miss the ettin mummy.
 You hit the ettin mummy.
 The ettin mummy hits!
 The ettin mummy hits again!
 The ettin mummy hits!
 The ettin mummy hits again!
 You miss the ettin mummy.
 The ettin mummy hits!
 The ettin mummy knocks you backward with a powerful strike!
 You stagger...
 The ettin mummy hits!
 The ettin mummy misses!
 You miss the pony.
 You feel a bit steadier now.
 The ettin mummy hits!
 The ettin mummy hits again!
 You miss the ettin mummy.
 The ettin mummy hits!
 The ettin mummy hits again!
 You miss the ettin mummy.
 You hit the ettin mummy!
 The ettin mummy hits!
 The ettin mummy hits again!
 The ettin mummy hits!
 The ettin mummy hits again!
 You miss the ettin mummy.
 What do you want to remove? [*] <esc>
 Never mind.
 You miss the ettin mummy.
 The ettin mummy misses!
 The ettin mummy hits!
 The ettin mummy just misses!
 The ettin mummy hits!
 You hit the ettin mummy.
 The ettin mummy misses!
 The ettin mummy hits!
 Are you sure you want to pray? [yn] (n) n
 Are you sure you want to pray? [yn] (n) y
 You begin praying to Tyr.
 The ettin mummy hits!
 You die...
 Do you want your possessions identified? [ynq] (y) y
 Do you want to see your attributes? [ynq] (y) y
 Do you want an account of creatures vanquished? [ynaq] (y) q

Inventory:
 Coins    ('$')
  $ - 2314 gold pieces
 Weapons  (')')
  D - 9 poisoned +0 elven arrows
  b - 2 +0 daggers
  a - a +1 dwarvish spear
  L - a +0 silver dagger
  Z - the +0 Orcrist (weapon in right hand)
  I - a +0 silver saber
  K - a +0 war hammer
 Armor    ('[')
  P - an uncursed +0 orcish helm (being worn)
  c - a blessed +3 small shield (being worn)
  R - an uncursed +0 elven cloak (being worn)
  M - a blessed +0 mummy wrapping
  q - an uncursed +1 mummy wrapping
  E - an uncursed +0 mummy wrapping
  f - a blessed +2 splint mail (being worn)
 Comestibles  ('%')
  F - an uncursed clove of garlic
  j - 5 uncursed food rations
  N - an uncursed partly eaten food ration
  J - an uncursed lichen corpse
 Scrolls  ('?')
  e - an uncursed scroll of blank paper
  y - an uncursed scroll of confuse monster
  G - a blessed scroll of earth
  C - 2 uncursed scrolls of earth
  v - a cursed scroll of fire
  w - an uncursed scroll of light
 Rings    ('=')
  i - an uncursed ring of cold resistance
  x - a cursed ring of teleportation
 Wands    ('/')
  p - a wand of cancellation (0:4)
  h - a wand of enlightenment (0:12)
  S - a wand of slow monster (0:7)
  u - a wand of undead turning (0:8)
 Tools    ('(')
  l - an uncursed brass lantern
  H - an uncursed lock pick
  d - a +0 unicorn horn
 Gems/Stones  ('*')
  k - an uncursed worthless piece of black glass
  m - an uncursed worthless piece of red glass
  s - an uncursed worthless piece of yellowish brown glass (in quiver pouch)

Anarchos the Valkyrie's attributes:

Background:
 You were a Fighter, a level 7 dwarven Valkyrie.
 You were lawful, on a mission for Tyr
 who was opposed by Odin (neutral) and Loki (chaotic).
 You were right-handed.
 You were in Sokoban, on level 7.
 You entered the dungeon 5122 turns ago.
 You had 1007 experience points, 273 more were needed to attain level 8.

Basics:
 You had 0 out of 80 hit points.
 You had all 9 energy points (spell power).
 Your armor class was -4.
 Your wallet contained 2314 zorkmids.
 Autopickup was on for all types.

Final Characteristics:
 Your strength was 16 (peak:18/02, limit:18/100).
 Your dexterity was 11 (limit:20).
 Your constitution was 20 (limit:20).
 Your intelligence was 8 (limit:16).
 Your wisdom was 10 (limit:16).
 Your charisma was 11 (limit:16).

Final Status:
 You weren't hungry.
 You were burdened; movement was slightly slowed.
 You were wielding a broadsword.
 You had basic skill with broadsword.

Final Attributes:
 You were piously aligned.
 You were cold resistant.
 You were poison resistant.
 You saw invisible.
 You were aware of the presence of orcs.
 You had infravision.
 You were stealthy.
 You were warded.
 You were fast.
 You were unlucky.
 You are dead.

Miscellaneous:
 You didn't encounter any bones levels.
 Total elapsed playing time was 1 hour, 49 minutes and 58 seconds.

Major events:
 Turn
    1: Anarchos the lawful dwarven Valkyrie entered the dungeon
 1158: attained the rank of Skirmisher (level 3)
 1374: entered the Gnomish Mines
 2946: attained the rank of Fighter (level 6)
 3376: chose an elven broadsword to be named "Orcrist"
 4400: entered Sokoban
 5122: killed by an ettin mummy, while praying

You didn't know any spells.

Skills:
 Fighting Skills
   bare handed combat [Unskilled]
   two weapon combat  [Unskilled]
   riding             [Unskilled]
 Weapon Skills
   dagger             [Basic]
   axe                [Unskilled]
   pick-axe           [Unskilled]
   short sword        [Unskilled]
   broadsword         [Basic]
   long sword         [Unskilled]
   two-handed sword   [Unskilled]
   saber              [Unskilled]
   hammer             [Unskilled]
   quarterstaff       [Unskilled]
   polearms           [Unskilled]
   spear              [Skilled]
   trident            [Unskilled]
   lance              [Unskilled]
   sling              [Unskilled]
 Spellcasting Skills
   attack spells      [Unskilled]
   escape spells      [Unskilled]

Voluntary challenges:
 Character rerolling was not enabled.
 You never genocided any monsters.
 You never polymorphed an object.
 You never changed form.
 You used no wishes.
 You violated the special Sokoban rules once.
Achievements:
 You entered a shop.
 You attained the rank of Skirmisher.
 You entered the Gnomish Mines.
 You attained the rank of Fighter.
 You entered Sokoban.

 The Dungeons of Doom: levels 1 to 8
    Level 1:
    Level 2:
       An altar to Tyr.
    Level 3:
       A weapon shop, a grave.
    Level 4:
       Stairs down to The Gnomish Mines.
    Level 5:
    Level 6:
    Level 7:
    Level 8:
       Stairs up to Sokoban, level 7.
 The Gnomish Mines:
    Level 5:
 Sokoban:
    Level 7: <- You were here.
       Unsolved.
       Final resting place for
          you, killed by an ettin mummy, while praying.


Vanquished creatures:
  a giant beetle
  a quivering blob
  3 wolves
 an orc mummy
  a gold golem
  a werewolf
  a chickatrice
  2 jaguars
  a black unicorn
  3 dust vortices
  a snake
  2 apes
  4 Woodland-elves
  a bugbear
  a water nymph
  a Mordor orc
  a rock piercer
  3 yellow lights
  3 kobold mummies
  a guardian naga hatchling
  6 giant ants
  a little dog
  3 kobold leaders
  3 hill orcs
  2 centipedes
  2 giant bats
  2 iguanas
  2 hobbits
  8 manes
  a large kobold
  a hobgoblin
  5 giant rats
  a yellow mold
  2 red molds
  2 gnomes
  6 garter snakes
  2 gnome zombies
  5 geckos
  7 jackals
  4 foxes
  a kobold
  3 goblins
  8 grid bugs
  2 bats
  4 lichens
  2 kobold zombies
  a newt
119 creatures vanquished.

No species were genocided or became extinct.

Game over:
                       ----------
                      /          \
                     /    REST    \
                    /      IN      \
                   /     PEACE      \
                  /                  \
                  |     Anarchos     |
                  |     2314 Au      |
                  |   killed by an   |
                  |   ettin mummy    |
                  |                  |
                  |                  |
                  |       2026       |
                 *|     *  *  *      | *
        _________)/\\_//(\/(/\)/\//\/|_)_______

Farvel Anarchos the Valkyrie...

You died in Sokoban on dungeon level 7 with 6521 points,
and 2314 pieces of gold, after 5122 moves.
You were level 7 with a maximum of 80 hit points when you died.

